 Dungeon Crawl Stone Soup version 0.30.0-29-ga12c61a403 (webtiles) character file.

Game seed: 5946269626586707677

10738 ChadusMaximus the Convoker (level 11, -6/63 HPs)
             Began as a Barachi Summoner on June 23, 2023.
             Was a Believer of Hepliaklqana.
             Mangled by a sixfirhy (11 damage)
             ... on level 11 of the Dungeon.
             The game lasted 00:23:53 (12062 turns).

ChadusMaximus the Convoker (Barachi Summoner)      Turns: 12062, Time: 00:23:54

Health: -6/63      AC:  7    Str: 17    XL:     11   Next: 66%
Magic:  4/25       EV: 12    Int: 19    God:    Hepliaklqana [**....]
Gold:   1377       SH:  5    Dex: 12    Spells: 1/31 levels left

rFire   . . .        i - +0 sling
rCold   + . .        (no shield)
rNeg    . . .        a - +0 robe
rPois   .            b - +2 helmet
rElec   .            K - +0 cloak
rCorr   .            I - +0 pair of gloves
SInv    .            (no boots)
Will    .....        l - amulet of reflection
Stlth   ++           w - ring of protection from cold
HPRegen 0.30/turn    D - +6 ring of strength
MPRegen 0.19/turn

%: reflection
@: slowed, very slow
A: reduced essence, amphibious, slowness 1, strong legs 1, +LOS
a: Hop, Renounce Religion, Ancestor Life: Knight, Ancestor Life: Battlemage,
Ancestor Life: Hexer, Recall Ancestor, Ancestor Identity


You were on level 11 of the Dungeon.
You worshipped Hepliaklqana.
Hepliaklqana was pleased with you.
You visited 2 branches of the dungeon, and saw 12 of its levels.
You also visited: Ossuary and Bailey.

You collected 1492 gold pieces.
You spent 115 gold pieces at shops.

Inventory:

Hand Weapons
 c - a +0 hand axe
 i - a +0 sling (weapon)
 r - a +0 great sword
 U - a +0 long sword
Missiles
 f - a throwing net
Armour
 a - a +0 robe (worn)
 b - a +2 helmet (worn)
 d - a +0 buckler
 m - a +2 helmet
 B - the +2 pair of gloves of Pragmatism {Will+ Regen+ Str+4 Int-5}
   (You found it in a bailey)

   Str:       It affects your strength (+4).
   Int:       It affects your intelligence (-5).
   Regen:     It increases your rate of health regeneration.
   Will:      It increases your willpower.
 C - the +1 leather armour of Qeaxo {Harm rPois Str+2}
   (You found it in a bailey)

   Str:       It affects your strength (+2).
   rPois:     It protects you from poison.
   Harm:      It increases damage dealt and taken.
 I - a +0 pair of gloves (worn)
 K - a +0 cloak (worn)
Jewellery
 l - an amulet of reflection (around neck)
 s - a ring of fire
 w - a ring of protection from cold (left hand)
 D - a +6 ring of strength (right hand)
 N - a ring of fire
 R - an amulet of faith
Wands
 e - a wand of flame (16)
 A - a wand of acid (4)
 Q - a wand of charming (3)
 S - a wand of roots (5)
Scrolls
 h - a scroll of torment
 j - 6 scrolls of teleportation
 k - 4 scrolls of enchant armour
 o - 4 scrolls of poison
 p - 4 scrolls of immolation
 u - 3 scrolls of vulnerability
 v - 2 scrolls of noise
 y - 2 scrolls of fear
 F - 2 scrolls of magic mapping {unknown}
 H - 3 scrolls of blinking {unknown}
 L - 2 scrolls of enchant weapon
 T - a scroll of fog
 V - 4 scrolls of amnesia {unknown}
Potions
 g - a potion of attraction {unknown}
 n - 5 potions of curing
 q - 7 potions of heal wounds {unknown}
 t - 2 potions of flight {unknown}
 x - a potion of degeneration {unknown}
 E - 2 potions of haste {unknown}
 G - 5 potions of lignification {unknown}
 J - 4 potions of invisibility {unknown}
 M - a potion of mutation {unknown}
 O - 5 potions of brilliance {unknown}
 P - a potion of berserk rage {unknown}


   Skills:
 + Level 1.5 Fighting
 + Level 2.7 Dodging
 - Level 1.7 Stealth
 - Level 10.7 Spellcasting
 - Level 17.6 Summonings


You had one spell level left.
You knew the following spells:

 Your Spells              Type           Power      Damage    Failure   Level
a - Summon Small Mammal   Summ           100%       N/A       0%          1
b - Call Canine Familiar  Summ           67%        N/A       0%          3
c - Call Imp              Summ           100%       N/A       0%          2
d - Summon Lightning Spi  Summ/Air       43%        N/A       1%          4
e - Summon Hydra          Summ           33%        N/A       4%          7
f - Summon Cactus Giant   Summ           33%        N/A       1%          6
g - Monstrous Menagerie   Summ           33%        N/A       4%          7

Your spell library contained the following spells:

 Spells                   Type           Power      Damage    Failure   Level
 Summon Guardian Golem    Hex/Summ       43%        N/A       1%          3
 Sublimation of Blood     Necr           10%        N/A       11%         2
 Wereblood                Tmut           10%        N/A       11%         2
 Ozocubu's Armour         Ice            10%        N/A       21%         3
 Summon Horrible Things   Summ           33%        N/A       32%         8
 Flame Wave               Conj/Fire      10%        2d6       56%         4
 Ozocubu's Refrigeration  Ice            5%         4d8       100%        7


Dungeon Overview and Level Annotations

Branches:
Dungeon (11/15)            Temple (1/1) D:5         Ossuary (visited)
 Bailey (visited)
   Lair: D:8-11         Orc: D:9-12

Altars:
Ashenzari
Cheibriados
Dithmenos
Elyvilon
Fedhas
Gozag
Hepliaklqana
Kikubaaqudgha
Makhleb
Nemelex Xobeh
Okawaru
Qazlal
Ru
Sif Muna
Trog
Uskayaw
Vehumet
Wu Jian
Xom
Yredelemnul
Zin
The Shining One

Shops:
D:4 *   D:9 ?

Annotations:
Temple 4 transporters


Innate Abilities, Weirdness & Mutations

Your life essence is reduced to manifest your ancestor. (-10% HP)
You are amphibious.
You cover ground slowly.
You can hop short distances.
You have an extended range of vision and can be seen from far away.


Message History

A four-headed hydra appears.
Your cactus giant closely misses the wraith.
The wraith hits you! The wraith drains your vigour!
You feel yourself slow down.
The sixfirhy completely misses your four-headed hydra.
The sixfirhy hits your four-headed hydra!
The sixfirhy shocks your four-headed hydra!
The sixfirhy hits your four-headed hydra!
The sixfirhy shocks your four-headed hydra!
The sixfirhy hits your four-headed hydra!
The sixfirhy shocks your four-headed hydra!
The wraith hits your four-headed hydra.
The wraith drains your four-headed hydra's vigour!
Your four-headed hydra seems to slow down.
Your four-headed hydra bites the wraith! x3
The wraith is destroyed!
Your four-headed hydra bites the sixfirhy.
The sixfirhy hits your four-headed hydra!
Your four-headed hydra dies!
Your four-headed hydra's corpse disappears in a puff of smoke!
Casting: Summon Hydra (quite dangerous; 4% risk of failure)
Confirm with . or Enter, or press ? or * to list all spells.
The sixfirhy hits you but does no damage.
Your cactus giant completely misses the sixfirhy.
Casting: Call Canine Familiar (safe; 0% risk of failure)
Confirm with . or Enter, or press ? or * to list all spells.
The spell is quite dangerous to miscast (4% risk of failure)!
Continue anyway?
An eight-headed hydra appears.
Your warg completely misses the sixfirhy.
The sixfirhy hits you! The sixfirhy shocks you!
Your warg bites the sixfirhy!
Unknown command.
The sixfirhy hits you. The sixfirhy shocks you! The sixfirhy hits you.
The sixfirhy shocks you!
* * * LOW HITPOINT WARNING * * *
The sixfirhy closely misses you. The sixfirhy barely misses you.
The sixfirhy hits you but does no damage.
The sixfirhy hits you.
* * * LOW HITPOINT WARNING * * *
The sixfirhy shocks you!
You die...

...## .. ..#
..#.### .. ....
#.....###. #..
#......#.###.#
#.#.....#.....##
#......#......#
##.....#.h...#....
.#.### #.3C...#
#.....###@D...#
#.....)#.###.#.....
#)....###....
#......# ###.
#..<..#.....
#......# ....
##.....# .
#.###.#.. #.. ###..


You could see a sixfirhy (ally target), a friendly eight-headed hydra
(summoned), a friendly cactus giant (summoned) and a friendly warg (summoned).

Vanquished Creatures
  3 centaurs
  A hound (D:7)
  An iguana (D:5)
  2 orc wizards
  6 adders
  A gnoll (D:6)
  A shadow imp (D:5)
  An adder zombie (Ossuary)
  4 worms
  3 dart slugs
  14 orcs
  3 bats
  8 endoplasms
  2 giant cockroaches
  3 goblins
  5 hobgoblins
  3 quokkas
  4 ball pythons
  A frilled lizard (D:1)
  5 kobolds
  A kobold zombie (Ossuary)
  5 rats
  4 rat zombies
81 creatures vanquished.

Vanquished Creatures (collateral kills)
  A two-headed ogre (D:10)
  An orc high priest (Bailey)
  An orc knight (Bailey)
  A nameless horror (D:8)
  A gargoyle (D:11)
  A kobold demonologist (Bailey)
  An ice devil (D:11)
  3 meliai (D:11)
  2 hornets
  A troll (D:10)
  13 yaks
  A wyvern (D:10)
  A wraith (D:11)
  2 steam dragons (D:7)
  Menkaure (D:7)
  An acid dragon (D:9)
  3 water moccasins
  2 ice beasts
  7 orc warriors
  3 ogres
  3 centaurs
  2 kobold brigands (D:10)
  2 bullfrogs (D:8)
  A gnoll sergeant (D:10)
  2 scorpions (D:6)
  9 wights
  4 killer bees (D:8)
  An electric eel (Bailey)
  A centaur zombie (Ossuary)
  2 hounds
  A gnoll bouda (D:7)
  5 orc priests
  A human zombie (Ossuary)
  A jelly (D:7)
  A sleepcap (D:5)
  5 iguanas
  12 orc wizards
  4 ogre zombies (Ossuary)
  7 mummies (Ossuary)
  10 gnolls
  7 adders
  A shadow imp (D:8)
  6 adder zombies (Ossuary)
  A worm (D:3)
  22 orcs
  2 endoplasms
  3 hobgoblins
  13 kobolds (D:10)
  A quokka (D:2)
  14 goblins
  5 goblin zombies (Ossuary)
  2 hobgoblin zombies (Ossuary)
  3 kobold zombies (Ossuary)
  2 quokka zombies (Ossuary)
  2 rat zombies (Ossuary)
205 creatures vanquished.

Vanquished Creatures (others)
  7 ancestors
7 creatures vanquished.

Grand Total: 293 creatures vanquished

Notes
Turn   | Place    | Note
-------+----------+-------------------------------------------
     0 | D:1      | ChadusMaximus the Barachi Summoner began the quest for the
                  | Orb.
     0 | D:1      | Reached XP level 1. HP: 13/13 MP: 3/3
   105 | D:1      | Reached skill level 5 in Summonings
   145 | D:1      | You fall into a shaft and drop 1 floor!
   230 | D:1      | Reached XP level 2. HP: 16/19 MP: 5/5
   749 | D:2      | Reached XP level 3. HP: 9/24 MP: 4/7
  1309 | D:2      | Reached skill level 6 in Summonings
  1671 | D:3      | Reached XP level 4. HP: 30/30 MP: 8/8
  1913 | D:3      | Found a glowing silver altar of Zin.
  2129 | D:3      | Found a glowing drain.
  2230 | D:3      | Reached XP level 5. HP: 35/35 MP: 10/10
  2528 | D:3      | Learned a level 3 spell: Call Canine Familiar
  2531 | D:3      | Learned a level 2 spell: Call Imp
  2571 | D:3      | Reached skill level 7 in Summonings
  2842 | D:4      | Reached XP level 6. HP: 37/41 MP: 4/12
  2946 | D:4      | Identified the +1 robe "Tan Noa" {Will+ Str-5 Int+3 Dex+2
                  | SInv}
  3241 | D:4      | Found Leimaump's Assorted Antiques.
  3269 | D:4      | Bought a wooden ring for 115 gold pieces
  3505 | D:5      | Entered Level 5 of the Dungeon
  3552 | D:5      | Reached skill level 8 in Summonings
  3578 | D:5      | Noticed an ice beast
  3598 | D:5      | Killed an ice beast
  3599 | D:5      | Reached XP level 7. HP: 46/46 MP: 10/13
  3660 | D:5      | Reached skill level 9 in Summonings
  3706 | D:5      | Reached skill level 5 in Spellcasting
  3841 | D:5      | Reached XP level 8. HP: 43/52 MP: 16/16
  3965 | D:5      | Reached skill level 10 in Summonings
  4258 | D:5      | Found a staircase to the Ecumenical Temple.
  4279 | Temple   | Entered the Ecumenical Temple
  4279 | Temple   | Found a transporter.
  4279 | Temple   | Found a transporter.
  4280 | Temple   | Found a transporter.
  4280 | Temple   | Found a transporter.
  4463 | D:5      | Learned a level 4 spell: Summon Lightning Spire
  4572 | D:5      | Reached skill level 11 in Summonings
  5334 | D:6      | Reached XP level 9. HP: 41/57 MP: 12/19
  5341 | D:6      | Reached skill level 12 in Summonings
  5786 | D:7      | Found a sand-covered staircase.
  5805 | Ossuary  | Entered an ossuary
  6308 | D:7      | Noticed Menkaure
  6314 | D:7      | Killed Menkaure
  6769 | D:7      | Reached skill level 13 in Summonings
  6880 | D:7      | Found a hide-covered altar of Uskayaw.
  6880 | D:7      | Found a hazy altar of Hepliaklqana.
  6893 | D:7      | Found a stormy altar of Qazlal.
  6901 | D:7      | Became a worshipper of Hepliaklqana the Forgotten
  7358 | D:7      | Noticed a hornet
  7366 | D:7      | Killed a hornet
  7589 | D:8      | Reached skill level 14 in Summonings
  7589 | D:8      | Reached XP level 10. HP: 46/63 MP: 14/22
  8073 | D:7      | Learned a level 7 spell: Summon Hydra
  8154 | D:8      | Noticed a nameless horror
  8160 | D:8      | Killed a nameless horror
  8688 | D:8      | Reached * piety under Hepliaklqana
  8893 | D:9      | Reached skill level 15 in Summonings
  9367 | D:9      | Found Kodante's Magic Scroll Boutique.
  9539 | D:10     | Entered Level 10 of the Dungeon
  9595 | D:10     | Noticed a two-headed ogre
  9600 | D:10     | Killed a two-headed ogre
  9776 | D:10     | Found a flagged portal.
  9800 | Bailey   | Entered a bailey
  9957 | Bailey   | Reached skill level 16 in Summonings
 10188 | Bailey   | Reached XP level 11. HP: 61/61 MP: 18/24
 10380 | Bailey   | Noticed an orc high priest
 10387 | Bailey   | Noticed an orc knight
 10393 | Bailey   | Noticed a soul eater
 10409 | Bailey   | Killed an orc knight
 10410 | Bailey   | Reached skill level 10 in Spellcasting
 10411 | Bailey   | Killed an orc high priest
 10487 | Bailey   | Found an iron altar of Okawaru.
 10508 | Bailey   | Acquired the Quarto of Kismet
 10649 | Bailey   | Acquired 836 gold pieces
 10694 | Bailey   | Identified the +2 pair of gloves of Pragmatism {Will+
                  | Regen+ Str+4 Int-5}
 10696 | Bailey   | Identified the +1 leather armour of Qeaxo {Harm rPois
                  | Str+2}
 10865 | D:10     | Reached skill level 17 in Summonings
 10921 | D:10     | Learned a level 6 spell: Summon Cactus Giant
 10929 | D:10     | Learned a level 7 spell: Monstrous Menagerie
 10995 | D:10     | Found a shimmering altar of Xom.
 11304 | D:10     | Reached ** piety under Hepliaklqana
 12055 | D:11     | Noticed a sixfirhy
 12056 | D:11     | Reached skill level 1 in Fighting
 12062 | D:11     | Mangled by a sixfirhy

Illustrated notes

Levels and vault maps discovered:
D:1:      amcnicky_arrival_flooded_fountain, layout_basic, feat_on_display
D:2:      wander_river, layout_basic, minivault_11
D:3:      layout_basic, lemuel_crystal_altar, gup_sewer_entry_bubbles,
          minmay_tree_intersection, kennysheep_generic_room_5
D:4:      layout_rooms, serial_shops, shop
D:5:      layout_rooms, minmay_temple_entry_offerings
D:6:      layout_loops_ring
D:7:      layout_loops_ring, grunt_temple_overflow_open, enter_ossuary_4,
          uniq_menkaure
D:8:      layout_basic
D:9:      layout_long_grid, serial_shops, nicolae_shop_rolled_up,
          amcnicky_mini_pool_small
D:10:     layout_roguey, lemuel_crystal_altar, serial_glass, glass_columns_b,
          glass_columns_a, enter_bailey_5, nicolae_nh_ransacked_shop
D:11:     nicolae_BIG_FREAKIN_CUBE, layout_long_grid, lair_entry_dummy,
          serial_demonic, serial_demonic_a, serial_demonic_c, serial_demonic_a,
          serial_demonic_e
Temple:   hellmonk_temple_divided_pantheon

Skill      XL: |  1  2  3  4  5  6  7  8  9 10 11 |
---------------+----------------------------------+-----
Summonings     | 5 6 7 8 9 11 14 16 17 | 17.6
Spellcasting   | 3 4 5 6 8 9 10 | 10.7
Fighting       | 1 |  1.5
Dodging        | |  2.7
Stealth        | |  1.7

Action                     |  1- 3 |  4- 6 |  7- 9 | 10-12 || total
---------------------------+-------+-------+-------+-------++-------
  Melee: Hand axe          |    23 |       |       |       ||    23
   Fire: Sling             |   135 |   183 |   261 |    87 ||   666
   Cast: Summon Small Mamm |     8 |    16 |    19 |     3 ||    46
         Call Imp          |       |     8 |    21 |     4 ||    33
         Call Canine Famil |       |     7 |    30 |    29 ||    66
         Summon Lightning  |       |       |     7 |    20 ||    27
         Summon Hydra      |       |       |       |    14 ||    14
         Summon Cactus Gia |       |       |       |     2 ||     2
Ability: Hop               |       |     1 |     2 |     2 ||     5
    Use: Potion            |       |     1 |       |     3 ||     4
         Scroll            |       |       |     2 |    12 ||    14
   Stab: Sleeping          |     1 |       |       |       ||     1
 Armour: Robe              |    38 |    35 |    69 |    28 ||   170
  Dodge: Dodged            |    54 |    92 |   135 |    58 ||   339
  Block: Other             |    24 |    41 |    69 |    19 ||   153
         Reflection        |     1 |     1 |     7 |     3 ||    12
